[Event "ewcc-2015"]
[Site "Chakvi. Adjara"]
[Date "2015.05.19"]
[Round "1.1"]
[White "Dzagnidze, Nana"]
[Black "Ibrahimova, Sabina"]
[Result "1-0"]
[ECO "E63"]
[WhiteElo "2570"]
[BlackElo "2272"]
[Annotator "Doe,John"]
[PlyCount "83"]
[EventDate "2015.??.??"]
[TimeControl "6000+1170"]
[WhiteClock "0:53:28"]
[BlackClock "0:37:23"]

1. d4 Nf6 2. c4 g6 3. Nc3 Bg7 4. Nf3 O-O 5. g3 d6 6. Bg2 Nc6 7. O-O a6 8. Bf4
Bf5 9. Rc1 Ne4 10. Nxe4 Bxe4 11. d5 Bxf3 12. Bxf3 Nd4 13. Bg2 e6 14. Bd2 Qc8
15. e3 Nf5 16. dxe6 fxe6 17. c5 d5 18. e4 dxe4 19. Bxe4 Rb8 20. Bc3 Rd8 21. Qb3
Nd4 22. Bxd4 Bxd4 23. Bg2 Kg7 24. Bh3 Rf8 25. Rcd1 Qd8 26. Qxe6 Rxf2 27. Kh1
Qe8 28. Qxe8 Rxe8 29. Rxd4 Rxb2 30. Rd7+ Kh6 31. Rff7 Rxa2 32. Bf1 a5 33. Rxh7+
Kg5 34. Rd5+ Kf6 35. Rxc7 Re1 36. Kg1 Raa1 37. Rd6+ Kg5 38. Rf7 a4 39. h4+ Kh6
40. Kg2 a3 41. Rdd7 Kh5 42. Kh3 1-0

[Event "ewcc-2015"]
[Site "Chakvi. Adjara"]
[Date "2015.05.19"]
[Round "1.2"]
[White "Kursova, Maria"]
[Black "Khotenashvili, Bela"]
[Result "1/2-1/2"]
[ECO "A40"]
[WhiteElo "2267"]
[BlackElo "2527"]
[Annotator "Doe,John"]
[PlyCount "148"]
[EventDate "2015.??.??"]
[TimeControl "6000+1355"]
[WhiteClock "0:01:29"]
[BlackClock "0:01:42"]

1. d4 g6 2. Nf3 Bg7 3. g3 c5 4. d5 d6 5. Bg2 Nf6 6. O-O b5 7. Re1 O-O 8. e4
Nbd7 9. a4 b4 10. Nbd2 Ba6 11. Nf1 Rc8 12. Rb1 b3 13. cxb3 Rb8 14. h3 Rb4 15.
Qc2 Qb8 16. N1d2 Nb6 17. Re3 Bh6 18. Rc3 e6 19. dxe6 fxe6 20. e5 dxe5 21. Rxc5
Nbd7 22. Rc7 Bd3 23. Qxd3 Qxc7 24. Ne1 Rd4 25. Qe2 Nb6 26. Nc4 Bxc1 27. Rxc1
Nxc4 28. bxc4 Rb8 29. Nf3 Re4 30. Qc2 Rb6 31. b3 Qc5 32. Bf1 a5 33. Bd3 Rd4 34.
Nxd4 exd4 35. Bxg6 e5 36. Bf5 Kg7 37. Re1 Rb7 38. Bd3 Re7 39. Be4 Rf7 40. Re2
Re7 41. Qd2 h6 42. Qd3 Qb6 43. Kg2 Nd7 44. Bd5 Qg6 45. Qxg6+ Kxg6 46. f4 Kf6
47. fxe5+ Rxe5 48. Rd2 Re3 49. Rxd4 Rxb3 50. Bc6 Ne5 51. Bb5 Rb2+ 52. Kf1 Rc2
53. Rd6+ Kf5 54. Rxh6 Ke4 55. Rf6 Ke3 56. g4 Nf3 57. Re6+ Kf4 58. Bc6 Ng5 59.
Rf6+ Kg3 60. Rf5 Nxh3 61. Rxa5 Nf4 62. Ke1 Rxc4 63. Bb5 Rd4 64. Ra7 Kxg4 65.
Re7 Nd5 66. Rd7 Re4+ 67. Kd2 Rd4+ 68. Kc2 Kf4 69. Kb3 Ke5 70. Bc6 Rd3+ 71. Kb2
Nb4 72. Rxd3 Nxd3+ 73. Kc3 Kd6 74. Kxd3 Ke5 {Ke4+} 1/2-1/2